AoeStats
← FrankieFunk

Lombardia

508256960Analyzed
3v3 RM · 11d ago on Sep 21, 2026· 56m 18s· 6 players
Game mode
Random Map
Map size
Normal (6 player)
Population
200
Speed
Normal
Resources
Standard
Victory
Conquest
Starting age
Dark Age
Ending age
Imperial Age
RankedLock teamsTeams togetherTeam positionsShared explorationLock speedFull tech treeHidden civsTurbo modeCheats
Victory
Defeat
🇪🇸 Cumans · Spain
760
+28
🇳🇱 Turks · Netherlands
562
+17
🇪🇸 Byzantines · Spain
555
+17
🇮🇹 Britons · Italy
686
-18
🇵🇱 Burgundians · Poland
566
-13
🇰🇿 Ethiopians · Kazakhstan
521
-12
Luke91
2:15 Loom
6:33 Loom
11:52 Feudal Age
13:05 Horse Collar
13:13 Double-Bit Axe
16:00 Town Watch
17:06 Gold Mining
17:39 Stone Mining
17:33 Man-at-Arms
18:02 Arson
19:09 Wheelbarrow
25:42 Castle Age
24:30 Scale Barding Armor
24:28 Scale Mail Armor
24:48 Padded Archer Armor
27:03 Hand Cart
27:25 Bow Saw
27:40 Long Swordsman
32:15 Gold Shaft Mining
32:06 Caravan
34:05 Fortified Wall
35:33 Murder Holes
37:11 Coinage
38:12 Town Patrol
39:02 Pikeman
42:15 Imperial Age
40:10 Ballistics
40:10 Treadmill Crane
41:17 Pikeman
41:58 Squires
41:43 Gambesons
42:12 Masonry
41:54 Guard Tower
42:27 Heavy Plow
42:37 Scale Barding Armor
42:43 Forging
42:49 Leather Archer Armor
42:24 Fletching
42:49 Forging
42:54 Leather Archer Armor
43:39 Conscription
43:47 Crossbowman
43:49 Elite Skirmisher
43:51 Light Cavalry
44:31 Husbandry
44:47 Warwolf
r.powalacz
4:36 Wheelbarrow
13:14 Feudal Age
12:34 Double-Bit Axe
15:17 Hand Cart
15:00 Horse Collar
15:38 Bow Saw
16:22 Heavy Plow
16:57 Hand Cart
17:17 Gold Mining
19:25 Gold Shaft Mining
23:09 Caravan
23:40 Stone Mining
26:06 Castle Age
27:36 Stone Shaft Mining
28:19 Two-Man Saw
26:46 Crossbowman
27:05 Pikeman
27:46 Squires
27:31 Arson
27:33 Elite Skirmisher
32:29 Crop Rotation
34:32 Imperial Age
33:50 Fortified Wall
33:36 Murder Holes
34:02 Ballistics
34:50 Masonry
34:21 Treadmill Crane
35:15 Halberdier
37:23 Chemistry
39:54 Arrowslits
40:44 Architecture
43:05 Elite Coustillier
46:22 Forging
46:02 Fletching
46:13 Padded Archer Armor
46:13 Scale Mail Armor
49:12 Hoardings
Pretoreproperdon
5:45 Loom
11:43 Feudal Age
13:13 Wheelbarrow
12:28 Double-Bit Axe
12:31 Horse Collar
16:18 Town Watch
16:32 Arson
23:10 Fletching
23:21 Padded Archer Armor
23:30 Gold Mining
25:45 Stone Mining
31:47 Castle Age
32:23 Forging
32:51 Hand Cart
32:51 Bow Saw
32:06 Crossbowman
33:38 Heavy Plow
35:15 Caravan
37:00 Squires
38:28 Gold Shaft Mining
38:29 Stone Shaft Mining
38:55 Murder Holes
44:16 Thumb Ring
FrankieFunk
11:28 Feudal Age
13:10 Loom
13:43 Double-Bit Axe
14:18 Town Watch
17:53 Horse Collar
23:25 Bloodlines
25:18 Wheelbarrow
30:17 Castle Age
30:06 Gold Mining
30:30 Stone Mining
32:31 Heavy Plow
32:48 Bow Saw
33:57 Gold Shaft Mining
33:39 Light Cavalry
36:38 Hand Cart
37:46 Scale Barding Armor
40:10 Masonry
40:32 Chain Barding Armor
48:32 Imperial Age
48:10 Forging
53:20 Elite Kipchak
54:23 Conscription
ageatope
5:16 Loom
11:12 Feudal Age
11:42 Double-Bit Axe
11:51 Gold Mining
14:17 Horse Collar
14:57 Town Watch
21:28 Castle Age
19:54 Bloodlines
20:30 Forging
22:33 Husbandry
27:08 Wheelbarrow
27:25 Scale Barding Armor
29:17 Hand Cart
36:27 Imperial Age
36:19 Sanctity
35:59 Fletching
36:11 Padded Archer Armor
36:48 Iron Casting
36:16 Stone Mining
36:54 Heavy Camel Rider
38:52 Elite Janissary
47:12 Fervor
47:23 Leather Archer Armor
47:28 Chain Barding Armor
48:11 Blast Furnace
51:31 Town Patrol
51:58 Ballistics
51:44 Artillery
53:33 Conscription
Indekeik
3:25 Loom
14:05 Feudal Age
16:09 Arson
17:36 Wheelbarrow
26:28 Gold Mining
26:31 Horse Collar
28:36 Double-Bit Axe
33:10 Castle Age
38:28 Imperial Age
36:16 Hand Cart
37:23 Bow Saw
37:33 Husbandry
39:30 Squires
39:32 Pikeman
39:35 Heavy Camel Rider
40:31 Forging
40:27 Scale Barding Armor
41:44 Gold Shaft Mining
Connection lost

Rejoining the realm…

Still unreachable

The connection could not be restored.

Session expired

The server has moved on; the page needs a fresh start.